3A
GRAND FORKS CATERPILLARS @ DELAWARE 1787 BC
08/28/2028
 
TOP OF THE 1ST
Grand Forks Caterpillars batting - Pitching for Delaware 1787 BC : RHP Lincoln Spooner
Pitching: RHP Lincoln Spooner
Batting: LHB Arana Sashi 0-0: Called Strike
0-1: Ball
1-1: Ball
2-1: Foul Ball, location: 2F
2-2: Strikes out swinging
Batting: RHB Craig Tricket 0-0: Called Strike
0-1: Called Strike
0-2: Ball
1-2: Foul Ball, location: 2F
1-2: Strikes out swinging
Batting: SHB Juan Carlos Santos 0-0: Foul Ball, location: 2F
0-1: Ground out 6-3 (Groundball, 6)
Top of the 1st over - 0 run(s), 0 hit(s), 0 error(s), 0 left on base; Grand Forks 0 - Delaware 0
BOTTOM OF THE 1ST
Delaware 1787 BC batting - Pitching for Grand Forks Caterpillars : RHP António Correa
Pitching: RHP António Correa
Batting: RHB Jesús Guzmán 0-0: Ball
1-0: Called Strike
1-1: TRIPLE (Flyball, 9LD)
Batting: RHB John Willoughby 0-0: Called Strike
0-1: Swinging Strike
0-2: Ball
1-2: Ball
2-2: Strikes out swinging
Batting: RHB Eddie Sachs 0-0: Ball
1-0: Ball
2-0: Called Strike
2-1: Swinging Strike
2-2: Ball
3-2: Strikes out swinging
Batting: LHB Kelvin Abbott 0-0: Ground out 1-3 (Groundball, 15S)
Bottom of the 1st over - 0 run(s), 1 hit(s), 0 error(s), 1 left on base; Grand Forks 0 - Delaware 0
TOP OF THE 2ND
Grand Forks Caterpillars batting - Pitching for Delaware 1787 BC : RHP Lincoln Spooner
Batting: RHB Nelson Jaramillo 0-0: Swinging Strike
0-1: Ball
1-1: Swinging Strike
1-2: Ball
2-2: Ball
3-2: Foul Ball, location: 2F
3-2: Fly out, F9 (Flyball, 9LS)
Batting: LHB Ieyoshi Samurakami 0-0: Swinging Strike
0-1: Called Strike
0-2: Ball
1-2: Ball
2-2: Strikes out looking
Batting: RHB Joaquín Lara 0-0: Ball
1-0: DOUBLE (Line Drive, 78D)
Batting: RHB Pascal Lercari 0-0: Ball
1-0: Swinging Strike
1-1: Ball
2-1: Ground out 1-3 (Groundball, 15)
Top of the 2nd over - 0 run(s), 1 hit(s), 0 error(s), 1 left on base; Grand Forks 0 - Delaware 0
BOTTOM OF THE 2ND
Delaware 1787 BC batting - Pitching for Grand Forks Caterpillars : RHP António Correa
Batting: RHB Mikko Haataja 0-0: Ball
1-0: Ball
2-0: Foul Ball, location: 2F
2-1: Foul Ball, location: 2F
2-2: Foul Ball, location: 2F
2-2: Fly out, F9 (Flyball, 9)
Batting: LHB Bryce Abood 0-0: Ball
1-0: Called Strike
1-1: Ball
2-1: SINGLE (Line Drive, 89S)
Batting: LHB Donovan Inman 0-0: Called Strike
0-1: Grounds into double play, 4-6-3 (Groundball, 4)
Bottom of the 2nd over - 0 run(s), 1 hit(s), 0 error(s), 0 left on base; Grand Forks 0 - Delaware 0
TOP OF THE 3RD
Grand Forks Caterpillars batting - Pitching for Delaware 1787 BC : RHP Lincoln Spooner
Batting: RHB Moriz Ayushiev 0-0: Called Strike
0-1: Ball
1-1: Foul Ball, location: 2F
1-2: Strikes out swinging
Batting: RHB Hirotada Rin 0-0: Foul Ball, location: 2F
0-1: Ball
1-1: Called Strike
1-2: Foul Ball, location: 2F
1-2: Strikes out swinging
Batting: LHB Arana Sashi 0-0: Fly out, F5 (Popup, 5S)
Top of the 3rd over - 0 run(s), 0 hit(s), 0 error(s), 0 left on base; Grand Forks 0 - Delaware 0
BOTTOM OF THE 3RD
Delaware 1787 BC batting - Pitching for Grand Forks Caterpillars : RHP António Correa
Batting: RHB Toyozo Yamasaki 0-0: Ball
1-0: Fly out, F9 (Flyball, 9S)
Batting: RHB Elwiin Hund 0-0: Called Strike
0-1: Called Strike
0-2: Fly out, F1 (Line Drive, 13)
Batting: RHB Jesús Guzmán 0-0: Called Strike
0-1: Ball
1-1: Fly out, F5 (Popup, 5L)
Bottom of the 3rd over - 0 run(s), 0 hit(s), 0 error(s), 0 left on base; Grand Forks 0 - Delaware 0
TOP OF THE 4TH
Grand Forks Caterpillars batting - Pitching for Delaware 1787 BC : RHP Lincoln Spooner
Batting: RHB Craig Tricket 0-0: Called Strike
0-1: Foul Ball, location: 2F
0-2: Ball
1-2: Ball
2-2: Foul Ball, location: 2F
2-2: Strikes out swinging
Batting: SHB Juan Carlos Santos 0-0: Fly out, F7 (Line Drive, 7)
Batting: RHB Nelson Jaramillo 0-0: Foul Ball, location: 2F
0-1: Ground out U3 (Groundball, 34)
Top of the 4th over - 0 run(s), 0 hit(s), 0 error(s), 0 left on base; Grand Forks 0 - Delaware 0
BOTTOM OF THE 4TH
Delaware 1787 BC batting - Pitching for Grand Forks Caterpillars : RHP António Correa
Batting: RHB John Willoughby 0-0: Called Strike
0-1: Ball
1-1: Ground out 6-3 (Groundball, 56)
Batting: RHB Eddie Sachs 0-0: Called Strike
0-1: SOLO HOME RUN (Flyball, 78XD), Distance : 371 ft
Batting: LHB Kelvin Abbott 0-0: Fly out, F8 (Flyball, 8LS)
Batting: RHB Mikko Haataja 0-0: Called Strike
0-1: Foul Ball, location: 2F
0-2: SINGLE (Groundball, 13S) (infield hit)
Batting: LHB Bryce Abood 0-0: Ball
1-0: Called Strike
1-1: Ball
2-1: Called Strike
2-2: Ball
3-2: Strikes out swinging
Bottom of the 4th over - 1 run(s), 2 hit(s), 0 error(s), 1 left on base; Grand Forks 0 - Delaware 1
TOP OF THE 5TH
Grand Forks Caterpillars batting - Pitching for Delaware 1787 BC : RHP Lincoln Spooner
Batting: LHB Ieyoshi Samurakami 0-0: Ball
1-0: SINGLE (Line Drive, 9LS)
Batting: RHB Joaquín Lara 0-0: Called Strike
0-1: Ball
1-1: Ground out 5-3 (Groundball, 56S)
Ieyoshi Samurakami to second
Batting: RHB Pascal Lercari 0-0: Ball
1-0: Swinging Strike
1-1: Called Strike
1-2: Ball
2-2: Strikes out swinging
Batting: RHB Moriz Ayushiev 0-0: Called Strike
0-1: Swinging Strike
0-2: Ball
1-2: Strikes out swinging, 2-3 out at first.
Top of the 5th over - 0 run(s), 1 hit(s), 0 error(s), 1 left on base; Grand Forks 0 - Delaware 1
BOTTOM OF THE 5TH
Delaware 1787 BC batting - Pitching for Grand Forks Caterpillars : RHP António Correa
Batting: LHB Donovan Inman 0-0: Called Strike
0-1: Ball
1-1: Fly out, F7 (Flyball, 78M)
Batting: RHB Toyozo Yamasaki 0-0: Foul Ball, location: 2F
0-1: Ball
1-1: Fly out, F8 (Line Drive, 8LXD)
Batting: RHB Elwiin Hund 0-0: Ball
1-0: Ball
2-0: Ground out 5-3 (Groundball, 5L)
Bottom of the 5th over - 0 run(s), 0 hit(s), 0 error(s), 0 left on base; Grand Forks 0 - Delaware 1
TOP OF THE 6TH
Grand Forks Caterpillars batting - Pitching for Delaware 1787 BC : RHP Lincoln Spooner
Batting: RHB Hirotada Rin 0-0: Ground out 6-3 (Groundball, 6)
Batting: LHB Arana Sashi 0-0: DOUBLE (Line Drive, 9LM)
Batting: RHB Craig Tricket 0-0: Called Strike
0-1: Ball
Arana Sashi is caught stealing 3rd base
1-1: Swinging Strike
1-2: Strikes out swinging
Top of the 6th over - 0 run(s), 1 hit(s), 0 error(s), 0 left on base; Grand Forks 0 - Delaware 1
BOTTOM OF THE 6TH
Delaware 1787 BC batting - Pitching for Grand Forks Caterpillars : RHP António Correa
Batting: RHB Jesús Guzmán 0-0: Fly out, F8 (Line Drive, 8LS)
Batting: RHB John Willoughby 0-0: Foul Ball, location: 2F
0-1: Ball
1-1: Ball
2-1: Ball
3-1: SINGLE (Groundball, 25) (infield hit)
Batting: RHB Eddie Sachs 0-0: Ball
1-0: Called Strike
1-1: Ball
2-1: Swinging Strike
2-2: Foul Ball, location: 2F
2-2: SINGLE (Groundball, 56S) (infield hit)
John Willoughby to second
Batting: LHB Kelvin Abbott 0-0: Swinging Strike
0-1: Ball
1-1: Fielders Choice at 2nd, 3-6 (Groundball, 34)
John Willoughby to third
Batting: RHB Mikko Haataja 0-0: Fielders Choice at 2nd, 6-4 (Groundball, 6)
Bottom of the 6th over - 0 run(s), 2 hit(s), 0 error(s), 1 left on base; Grand Forks 0 - Delaware 1
TOP OF THE 7TH
Grand Forks Caterpillars batting - Pitching for Delaware 1787 BC : RHP Lincoln Spooner
Batting: SHB Juan Carlos Santos 0-0: Ball
1-0: Foul Ball, location: 2F
1-1: Ball
2-1: Ball
3-1: Fly out, F8 (Line Drive, 8LM)
Batting: RHB Nelson Jaramillo 0-0: Swinging Strike
0-1: Ball
1-1: Ball
2-1: Foul Ball, location: 2F
2-2: Foul Ball, location: 2F
2-2: Fly out, F7 (Flyball, 78D)
Batting: LHB Ieyoshi Samurakami 0-0: Foul Ball, location: 2F
0-1: Fly out, F7 (Flyball, 7LM)
Top of the 7th over - 0 run(s), 0 hit(s), 0 error(s), 0 left on base; Grand Forks 0 - Delaware 1
BOTTOM OF THE 7TH
Delaware 1787 BC batting - Pitching for Grand Forks Caterpillars : RHP António Correa
Batting: LHB Bryce Abood 0-0: Called Strike
0-1: Called Strike
0-2: Ground out 4-3 (Groundball, 4)
Batting: LHB Donovan Inman 0-0: Swinging Strike
0-1: Foul Ball, location: 2F
0-2: Ball
1-2: Ball
2-2: Foul Ball, location: 2F
2-2: Fly out, F7 (Flyball, 7LM)
Batting: RHB Toyozo Yamasaki 0-0: DOUBLE (Flyball, 8RM)
Pitching: RHP Georg von Trapp
Batting: RHB Elwiin Hund 0-0: Ground out 6-3 (Groundball, 6)
Bottom of the 7th over - 0 run(s), 1 hit(s), 0 error(s), 1 left on base; Grand Forks 0 - Delaware 1
TOP OF THE 8TH
Grand Forks Caterpillars batting - Pitching for Delaware 1787 BC : RHP Lincoln Spooner
Now at C: Randy Sheffield
Now in LF: Tobias Jimenez
Batting: RHB Joaquín Lara 0-0: Called Strike
0-1: Ball
1-1: DOUBLE (Line Drive, 78M)
Batting: RHB Pascal Lercari 0-0: Called Strike
0-1: Called Strike
0-2: Strikes out swinging
Pinch Hitting: RHB António Canales 0-0: Ball
Joaquín Lara steals 3rd base
1-0: Foul Ball, location: 2F
1-1: Foul Ball, location: 2F
1-2: Ball
2-2: Fly out, F8 (Flyball, 8RM)
Runner from 3rd tags up, SCORES, no throw
Pinch Hitting: SHB Tony Walsh 0-0: Ball
1-0: Foul Ball, location: 2F
1-1: Swinging Strike
1-2: Strikes out looking
Top of the 8th over - 1 run(s), 1 hit(s), 0 error(s), 0 left on base; Grand Forks 1 - Delaware 1
BOTTOM OF THE 8TH
Delaware 1787 BC batting - Pitching for Grand Forks Caterpillars : RHP Georg von Trapp
Now at SS: Neil Byrd
Now in RF: Félix Martínez
Batting: RHB Jesús Guzmán 0-0: TRIPLE (Flyball, 9LD)
Batting: RHB John Willoughby 0-0: Ground out 6-3 (Groundball, 6)
Batting: RHB Eddie Sachs 0-0: Ball
1-0: Foul Ball, location: 2F
1-1: Ground out 6-3 (Groundball, 6)
Batting: LHB Kelvin Abbott 0-0: Intentional Walk
Batting: RHB Mikko Haataja 0-0: Ball
1-0: Foul Ball, location: 2F
1-1: DOUBLE (Flyball, 9LM)
Jesús Guzmán scores
Kelvin Abbott to third
Runner from 3rd tries for Home, SAFE, no throw
Batting: LHB Bryce Abood 0-0: Intentional Walk
Pinch Hitting: RHB Jeff Quesenberry 0-0: Swinging Strike
0-1: Fielders Choice at 2nd, 6-4 (Groundball, 6)
Bottom of the 8th over - 2 run(s), 2 hit(s), 0 error(s), 1 left on base; Grand Forks 1 - Delaware 3
TOP OF THE 9TH
Grand Forks Caterpillars batting - Pitching for Delaware 1787 BC : RHP Lincoln Spooner
Pitching: RHP Charles Wells
Now in LF: Félix Ellard
Batting: LHB Arana Sashi 0-0: Foul Ball, location: 2F
0-1: DOUBLE (Line Drive, 7LM)
Pinch Hitting: LHB Michael Woodard 0-0: Called Strike
0-1: Foul Ball, location: 2F
0-2: Ball
1-2: Fly out, F9 (Flyball, 89D)
Runner from 2nd tags up, SAFE at 3rd, no throw
Batting: SHB Juan Carlos Santos 0-0: SINGLE (Groundball, 4D)
Arana Sashi scores
Pinch Runner at 1st José Báez:
Batting: RHB Nelson Jaramillo 0-0: Ball
José Báez is caught stealing 2nd base
1-0: Ball
2-0: Ball
3-0: Base on Balls
Pinch Hitting: LHB Steve Sconiers 0-0: Ball
1-0: Ball
Nelson Jaramillo steals 2nd base
2-0: Ball
3-0: Base on Balls
Pinch Hitting: RHB Juan Rico 0-0: Ground out 5-3 (Groundball, 56S)
Top of the 9th over - 1 run(s), 2 hit(s), 0 error(s), 2 left on base; Grand Forks 2 - Delaware 3
Wednesday, August 30th, 2017 - OOTP Baseball 17.12 Build 75